 Dungeon Crawl Stone Soup version 0.30-a0-358-g0d69a1922f (webtiles) character file.

Game seed: 18166787243433476952

83 wotkd0121004 the Sneak (level 4, -1/27 HPs)
             Began as an Octopode Earth Elementalist on Nov 8, 2022.
             Killed from afar by Robin (12 damage)
             ... with a puff of flame
             ... on level 2 of the Dungeon.
             The game lasted 00:02:43 (1118 turns).

wotkd0121004 the Sneak (OpEE)                       Turns: 1118, Time: 00:02:43

Health: -1/27      AC:  1    Str:  7    XL:     4   Next: 44%
Magic:  3/7        EV: 13    Int: 19    God:
Gold:   32         SH:  0    Dex: 12    Spells: 7/8 levels left

rFire   . . .      SeeInvis .    d - +1 dagger (venom)
rCold   . . .      Faith    .    (no shield)
rNeg    . . .      Spirit   .    (helmet restricted)
rPois   .          Reflect  .    (no amulet)
rElec   .          Harm     .    (no ring)
rCorr   .          Rampage  .    (no ring)
Will    .....                    (no ring)
Stlth   +++.......               (no ring)
HPRegen 0.24/turn                (no ring)
MPRegen 0.10/turn                (no ring)
                                 (no ring)
                                 (no ring)

@: no status effects
A: almost no armour, amphibious, 8 rings, camouflage 1, gelatinous body 1,
(nimble swimmer 1), tentacles
a: no special abilities


You were on level 2 of the Dungeon.
You visited 1 branch of the dungeon, and saw 2 of its levels.

You collected 32 gold pieces.

Inventory:

Hand Weapons
 d - a +1 dagger of venom (weapon)
Jewellery
 c - an amulet of guardian spirit
Scrolls
 e - a scroll of enchant armour
 g - a scroll of immolation
Potions
 a - a potion of magic


   Skills:
 + Level 2.6 Dodging
 + Level 3.8 Stealth
 + Level 2.5 Spellcasting
 + Level 1.9 Transmutations
 + Level 3.4 Earth Magic


You had 7 spell levels left.
You knew the following spells:

 Your Spells              Type           Power      Damage    Failure   Level
a - Sandblast             Erth           30%        2d9       3%          1

Your spell library contained the following spells:

 Spells                   Type           Power      Damage    Failure   Level
 Passwall                 Tmut/Erth      10%        N/A       8%          2
 Stone Arrow              Conj/Erth      18%        3d8       24%         3
 Petrify                  Tmut/Erth      12%        N/A       45%         4


Dungeon Overview and Level Annotations

Branches:
Dungeon (2/15)

Altars:

Annotations:
D:2 Robin


Innate Abilities, Weirdness & Mutations

You cannot wear most types of armour.
You are amphibious.
You can wear up to eight rings at the same time.
Your skin changes colour to match your surroundings (Stealth+).
Your rubbery body absorbs attacks. (AC +1, EV +1)
((You are camouflaged when in or above water. (Stealth+)))
You have tentacles for arms and can constrict up to eight enemies at once.


Message History

Robin of the Strong Arm comes into view.
They are wielding a +1 trident of protection and carrying a wand of flame (17).
Casting: Sandblast (safe; 3% risk of failure)
Confirm with . or Enter, or press ? or * to list all spells.
Aiming: Sandblast (safe; 3% risk of failure)
Press: ? - help, Shift-Dir - straight line, f - Robin
Aim: Robin, wielding a +1 trident of protection, wearing a +2 animal skin, wearing a +0 helmet and carrying a wand of flame (17) (87% to hit)
The blast of sand hits Robin but does no damage.
Robin roars a battlecry!
You hear a shout!
Casting: Sandblast (safe; 3% risk of failure)
Confirm with . or Enter, or press ? or * to list all spells.
Aiming: Sandblast (safe; 3% risk of failure)
Press: ? - help, Shift-Dir - straight line, f/p - Robin
Aim: Robin, wielding a +1 trident of protection, wearing a +2 animal skin, wearing a +0 helmet and carrying a wand of flame (17) (87% to hit)
The blast of sand hits Robin but does no damage.
Robin hits you from afar with a +1 trident of protection!
Unknown command.
Casting: Sandblast (safe; 3% risk of failure)
Confirm with . or Enter, or press ? or * to list all spells.
Aiming: Sandblast (safe; 3% risk of failure)
Press: ? - help, Shift-Dir - straight line, f/p - Robin
Aim: Robin, wielding a +1 trident of protection, wearing a +2 animal skin, wearing a +0 helmet and carrying a wand of flame (17) (87% to hit)
The blast of sand hits Robin!
Robin is severely wounded.
Robin zaps a wand.
The puff of flame misses you.
Casting: Sandblast (safe; 3% risk of failure)
Confirm with . or Enter, or press ? or * to list all spells.
Aiming: Sandblast (safe; 3% risk of failure)
Press: ? - help, Shift-Dir - straight line, f/p - Robin
Aim: Robin, wielding a +1 trident of protection, wearing a +2 animal skin, wearing a +0 helmet and carrying a wand of flame (16) (severely wounded, 87% to hit)
The blast of sand misses Robin.
Robin zaps a wand.
The puff of flame misses you.
Robin drinks a potion.
Robin flickers and vanishes!
Deactivating autopickup; reactivate with Ctrl-A.
Something hits you!
You closely miss something. Your squeeze misses something.
You hear a zap.
A puff of flame appears from out of thin air!
The puff of flame hits you!
You die...

##.#######.#
######.# #.#
#......# #.#
#......# #.#
#......# #.#
#.....)# #.#
#######)#
#.#
##...###)#
#.#
.'...')).#
#@#
##...#####
#{# .+...+
).# ##...#
.### ##...#
## .+...+
##...# #...#


There were no monsters in sight!

Vanquished Creatures
  2 adders (D:2)
  2 gnolls
  3 bats (D:1)
  3 endoplasms (D:1)
  2 giant cockroaches (D:1)
  8 goblins
  8 hobgoblins
  2 quokkas (D:1)
  2 ball pythons (D:1)
  4 frilled lizards (D:1)
  3 kobolds
  5 rats
44 creatures vanquished.

Notes
Turn   | Place    | Note
-------+----------+-------------------------------------------
     0 | D:1      | wotkd0121004 the Octopode Earth Elementalist began the
                  | quest for the Orb.
     0 | D:1      | Reached XP level 1. HP: 11/11 MP: 3/3
   130 | D:1      | Reached XP level 2. HP: 8/17 MP: 3/5
   266 | D:1      | Reached XP level 3. HP: 20/21 MP: 6/6
   617 | D:2      | Reached XP level 4. HP: 10/27 MP: 4/7
  1112 | D:2      | Noticed Robin
  1118 | D:2      | Killed from afar by Robin

Illustrated notes

Levels and vault maps discovered:
D:1:      shiori_arrival_maze, layout_basic, st_stairs_1,
          amcnicky_mini_corridor_feature
D:2:      layout_basic, minivault_27, uniq_robin

Skill      XL: |  1 |
---------------+----+-----
Stealth        | 3 |  3.8
Dodging        | |  2.6
Spellcasting   | |  2.5
Transmutations | |  1.9
Earth Magic    | |  3.4

Action                   |  1- 3 |  4- 6 || total
-------------------------+-------+-------++-------
Melee: Dagger            |    55 |     2 ||    57
       Constrict         |    19 |       ||    19
       Unarmed           |     2 |       ||     2
       Tentacles         |    12 |     1 ||    13
 Cast: Sandblast         |     7 |    17 ||    24
  Use: Scroll            |       |     3 ||     3
 Stab: Sleeping          |     4 |       ||     4
Armor: Skin              |     7 |     2 ||     9
Dodge: Dodged            |    26 |    20 ||    46

Table legend: (Time is in decaauts)
 A = Elapsed time spent in this place.
 B = Non-inter-level travel time spent in this place.
 C = Inter-level travel time spent in this place.
 D = Time resting spent in this place.
 E = Time spent auto-exploring this place.
 F = Levels seen in this place.
 G = Mean time per level.
                   A        B        C        D        E       F      G
               +--------+--------+--------+--------+--------+-----+--------+
         Total |   1129 |   1117 |     12 |    237 |    573 |   2 |  564.5 |
       Dungeon |   1129 |   1117 |     12 |    237 |    573 |   2 |  564.5 |
               +--------+--------+--------+--------+--------+-----+--------+

Top non-repeatable levels by time:
     D:1: 720 daAuts
     D:2: 409 daAuts
